 Dungeon Crawl Stone Soup version 0.29.0-5-ge4962eb29e (webtiles) character file.

Game seed: 2756745860490127944

129 SigmundSlayer the Twirler (level 4, -1/54 HPs)
             Began as a Demigod Gladiator on Aug 29, 2022.
             Slain by Eustachio
             ... wielding a +0 falchion
              (4 damage)
             ... on level 4 of the Dungeon.
             The game lasted 00:03:51 (2614 turns).

SigmundSlayer the Twirler (Demigod Gladiator)       Turns: 2614, Time: 00:03:52

Health: -1/54      AC: 22    Str: 19    XL:     4   Next: 58%
Magic:  6/6        EV:  2    Int: 10    God:
Gold:   107        SH:  5    Dex: 15    Spells: 1/3 levels left

rFire   . . .      SeeInvis .   a - +0 quarterstaff
rCold   . . .      Faith    .   (shield currently unavailable)
rNeg    . . .      Spirit   .   (body armour currently unavailable)
rPois   +          Reflect  +   (helmet currently unavailable)
rElec   .          Harm     .   (cloak currently unavailable)
rCorr   .          Rampage  .   (gloves currently unavailable)
Will    .....      NoTele   +   (boots currently unavailable)
Stlth   +.........              k - amulet of reflection
HPRegen 0.18/turn               m - ring of poison resistance
MPRegen 0.10/turn               (no ring)

@: tree-form, hasted, very quick
A: stationary, stasis, torment immunity, boosted hp, high MP 1, forlorn, divine
attributes
a: no special abilities


You were on level 4 of the Dungeon.
You were a tree.
You visited 1 branch of the dungeon, and saw 4 of its levels.

You collected 107 gold pieces.

Inventory:

Hand Weapons
 a - a +0 quarterstaff (weapon)
Missiles
 d - 3 throwing nets (quivered)
 e - a javelin
Armour
 b - a +0 leather armour (melded)
 c - a +0 helmet (melded)
 f - a +0 cloak (melded)
Jewellery
 k - an amulet of reflection (around neck)
 m - a ring of poison resistance (left branch)
Wands
 r - a wand of flame (21)
Scrolls
 i - a scroll of immolation
 j - 2 scrolls of blinking
 n - 2 scrolls of enchant weapon {unknown}
 o - a scroll of amnesia {unknown}
 p - a scroll of fear {unknown}
Potions
 g - a potion of attraction


   Skills:
 + Level 2.1 Fighting
 + Level 4.4 Staves
 - Level 1.7 Throwing
 + Level 1.0 Armour
 + Level 2.9 Dodging
 + Level 0.8 Transmutations


You had one spell level left.
You knew the following spells:

 Your Spells              Type           Power      Damage    Failure   Level
a - Wereblood             Tmut           1%         N/A       38%         2

Your spell library contained the following spells:

 Spells                   Type           Power      Damage    Failure   Level
 Sublimation of Blood     Necr           0%         N/A       50%         2
 Gell's Gravitas          Tloc           0%         N/A       75%         3
 Portal Projectile        Hex/Tloc       0%         N/A       75%         3
 Teleport Other           Tloc           0%         N/A       75%         3
 Tukima's Dance           Hex            0%         N/A       75%         3
 Blade Hands              Tmut           0%         N/A       100%        5
 Fireball                 Conj/Fire      0%         3d3       100%        5
 Iskenderun's Battlesphe  Conj           0%         2d6       100%        5
 Conjure Ball Lightning   Conj/Air       0%         3x3d6     100%        6
 Dispersal                Tloc           0%         N/A       100%        6
 Orb of Destruction       Conj           0%         9d5       100%        7
 Summon Hydra             Summ           0%         N/A       100%        7


Dungeon Overview and Level Annotations

Branches:
Dungeon (4/15)             Temple (0/1) D:4

Annotations:
D:4 Eustachio


Innate Abilities, Weirdness & Mutations

You are a tree.
Your roots penetrate the ground, keeping you stationary.
You cannot be teleported.
You are immune to unholy pain and torment.
Your maximum health is greatly increased.
Your equipment is partially melded.
You have an increased reservoir of magic. (+10% MP)
You shall have no god before yourself.
Your divine heritage dramatically boosts your attributes as you level up.


Message History

You sock something!
You feel less confused.
The quokka bites you but does no damage.
Something hits you but does no damage.
The hobgoblin hits you but does no damage.
You block the kobold's attack. The rat bites you but does no damage.
Okay, then.
You closely miss the kobold.
The quokka bites you but does no damage.
You hear some strange, mumbled words.
A puff of flame appears from out of thin air!
The puff of flame hits you but does no damage.
The hobgoblin barely misses you.
Eustachio casts a spell.
The kobold hits you but does no damage.
You hit the kobold.
You kill the kobold!
You block the rat's attack. You block the quokka's attack.
You barely miss the hobgoblin. Something hits you but does no damage.
The hobgoblin hits you but does no damage.
The rat bites you but does no damage. You block the quokka's attack.
You hit the hobgoblin but do no damage. Something hits you but does no damage.
You block the hobgoblin's attack. The rat bites you but does no damage.
The quokka bites you but does no damage.
You hit the hobgoblin but do no damage. You hit the hobgoblin.
The hobgoblin is heavily wounded.
An orc wizard appears from thin air!
Reactivating autopickup.
You block the quokka's attack.
The orc wizard casts a spell.
The orc wizard flickers and vanishes!
Deactivating autopickup; reactivate with Ctrl-A.
The hobgoblin hits you but does no damage.
The rat bites you but does no damage.
You barely miss the hobgoblin.
The hobgoblin is heavily wounded.
The quokka bites you but does no damage.
Something hits you but does no damage. Eustachio hits you with a +0 falchion.
You die...

..#.#.#.....###...........#
...###......#
##..........##.
#...#...#######..........
...#....#.#..#..........
>.#####.........#...... ..
.....#........#... ####
.... #...5....##.# ...##
....)#.@r.##..##.##.?...
.......♣gb###.##..#.....
...#..)r{..#.......@....
#.#.#)....[.#........
...###....##.......5..
#.....###.#####.........
..............#......... .
......................
...............####...
.........#.....# ...


You could see Eustachio, a white imp (summoned), a quokka (summoned), a
hobgoblin, a bat (summoned) and a rat (summoned).

Vanquished Creatures
  An iguana (D:4)
  An orc wizard (D:4)
  2 dart slugs
  4 orcs
  7 endoplasms
  2 giant cockroaches (D:3)
  4 goblins
  7 hobgoblins
  5 jackals
  8 kobolds
  4 quokkas
  11 ball pythons
  4 bats
  A frilled lizard (D:2)
  A rat (D:1)
62 creatures vanquished.

Notes
Turn   | Place    | Note
-------+----------+-------------------------------------------
     0 | D:1      | SigmundSlayer the Demigod Gladiator began the quest for the
                  | Orb.
     0 | D:1      | Reached XP level 1. HP: 17/17 MP: 3/3
    30 | D:1      | Reached skill level 3 in Staves
   321 | D:1      | Reached XP level 2. HP: 17/24 MP: 4/4
  1165 | D:1      | Reached XP level 3. HP: 29/29 MP: 5/5
  1357 | D:2      | Reached skill level 4 in Staves
  2033 | D:3      | Learned a level 2 spell: Wereblood
  2538 | D:4      | Found a staircase to the Ecumenical Temple.
  2565 | D:4      | Noticed Eustachio
  2593 | D:4      | Reached XP level 4. HP: 25/36 MP: 6/6
  2598 | D:4      | Reached skill level 1 in Armour
  2606 | D:4      | HP: 2/54 [hobgoblin (1)]
  2614 | D:4      | Slain by Eustachio

Illustrated notes

Levels and vault maps discovered:
D:1:      evilmike_arrival_plus, layout_loops_ring,
          ebering_ecumenical_altar_abandoned
D:2:      layout_rooms, hangedman_decor_points, grunt_ministairs_15,
          roderic_nine_men_s_morris
D:3:      layout_rooms, nrook_campfire, minmay_diced_spiral
D:4:      layout_cave_pools, minmay_temple_entry_arrows, uniq_sigmund,
          uniq_crazy_yiuf_cottage, uniq_eustachio

Skill      XL: |  1  2  3  4 |
---------------+-------------+-----
Staves         | 3 4 |  4.4
Fighting       | 2 |  2.1
Armour         | 1 |  1.0
Throwing       | |  1.7
Dodging        | |  2.9
Transmutations | |  0.8

Action                   |  1- 3 |  4- 6 || total
-------------------------+-------+-------++-------
Melee: Quarterstaff      |   187 |    15 ||   202
  Use: Scroll            |     7 |       ||     7
       Potion            |     3 |     1 ||     4
 Stab: Sleeping          |     4 |       ||     4
Armor: Leather armour    |    61 |     4 ||    65
       Skin              |       |    28 ||    28
Dodge: Dodged            |   131 |     5 ||   136
Block: Other             |    19 |     9 ||    28
